 Dungeon Crawl Stone Soup version 0.28-a0-512-g960c72b710 (webtiles) character file.

Game seed: 7708098209818382251

152 Lekart the Skirmisher (level 5, -1/47 HPs)
             Began as a Draconian Chaos Knight on Sept 22, 2021.
             Was a Plaything of Xom.
             Killed from afar by an orc wizard (8 damage)
             ... with a magic dart
             ... on level 4 of the Dungeon.
             The game lasted 00:04:01 (3360 turns).

Lekart the Skirmisher (Draconian Chaos Knight)      Turns: 3360, Time: 00:04:02

Health: -1/47      AC:  5    Str: 15    XL:     5   Next: 11%
Magic:  5/5        EV: 12    Int: 12    God:    Xom [.....*]
Gold:   162        SH:  0    Dex: 11    Spells: 4/4 levels left

rFire   . . .      SeeInvis .   a - +0 falchion (chaos)
rCold   . . .      Faith    .   (no shield)
rNeg    . . .      Spirit   .   (armour unavailable)
rPois   .          Reflect  .   (helmet restricted)
rElec   .          Harm     .   (no cloak)
rCorr   .          Rampage  .   (no gloves)
Will    .....                   (no boots)
Stlth   +.........              (no amulet)
HPRegen 0.15/turn               (no ring)
MPRegen 0.09/turn               (no ring)

@: confused
A: AC +5, unfitting armour, cold-blooded
a: Renounce Religion


You were on level 4 of the Dungeon.
You worshipped Xom.
You were Xom's teddy bear.
You visited 1 branch of the dungeon, and saw 4 of its levels.

You collected 162 gold pieces.

Inventory:

Hand Weapons
 a - a +0 falchion of chaos (weapon)
Scrolls
 b - a scroll of fear
 c - a scroll of teleportation
Potions
 d - a potion of haste
 e - 2 potions of curing


   Skills:
 * Level 4.7 Fighting
 + Level 4.3 Long Blades
 + Level 3.0 Dodging


You had 4 spell levels left.
You didn't know any spells.
Your spell library was empty.

Dungeon Overview and Level Annotations

Branches:
Dungeon (4/15)             Temple (0/1) D:4

Altars:
Gozag

Annotations:
D:3 Robin


Innate Abilities, Weirdness & Mutations

Your plain brown scales are hard. (AC +5)
You cannot fit into any form of body armour.
You are cold-blooded and may be slowed by cold attacks.


Message History

Something hits you but does no damage. The orc hits you but does no damage.
You hit the orc but do no damage.
The orc is heavily wounded.
Something hits you but does no damage.
An adder comes into view.
The orc misses you.
The adder hisses angrily.
You hit the orc.
The orc is severely wounded.
Something hits you. The orc barely misses you.
You closely miss the orc.
The orc is severely wounded.
The adder bites you. Something hits you but does no damage.
The orc hits you but does no damage. The adder misses you.
You hit the orc but do no damage.
The orc is severely wounded.
You hear some strange, mumbled words.
You are confused.
The adder bites you.
* * * LOW HITPOINT WARNING * * *
The orc hits you but does no damage.
You hit the orc but do no damage.
The orc is severely wounded.
The adder closely misses you.
You hear some strange, mumbled words.
A puff of flame appears from out of thin air!
The puff of flame misses you. The orc hits you but does no damage.
You closely miss the orc.
The orc is severely wounded.
The adder closely misses you. Something hits you.
* * * LOW HITPOINT WARNING * * *
The orc barely misses you. The adder bites you but does no damage.
You barely miss the orc. You tail-slap the orc.
You kill the orc!
Something hits you but does no damage. The adder barely misses you.
You're too confused to move!
The adder barely misses you.
You hear some strange, mumbled words.
A magic dart appears from out of thin air!
The magic dart hits you!
You die...

......#.#+#+######
..........
......#..........#
#........#
......#..........#
#####.....
..###.#.......#..#
#####. #
..#..........# #####.
.........##.## #.....
###.####.....# #
#..... ....
#...#S####⌠.⌠####.....
....
#...#@{..'.>.#........
...
#...#)####⌠.⌠######.^.
.....#.# +# #...
..#...#.# #...
...#...#.# #... ..
#...#.# #### ..# #.#


You could see an adder.

Vanquished Creatures
  A hound (D:4)
  An iguana (D:3)
  An adder (D:3)
  2 worms
  6 orcs
  5 endoplasms
  A giant cockroach (D:1)
  6 goblins
  7 hobgoblins
  15 jackals
  5 kobolds
  3 quokkas
  5 ball pythons
  4 bats
  2 frilled lizards
  A rat (D:1)
65 creatures vanquished.

Notes
Turn   | Place    | Note
-------+----------+-------------------------------------------
     0 | D:1      | Lekart the Draconian Chaos Knight began the quest for the
                  | Orb.
     0 | D:1      | Reached XP level 1. HP: 19/19 MP: 1/1
    65 | D:1      | XOM: silly message
   258 | D:1      | Reached XP level 2. HP: 19/27 MP: 2/2
   388 | D:1      | XOM: silly message
   426 | D:1      | Found a faded altar of an unknown god.
   736 | D:1      | XOM: summons 2 hostile demons
  1264 | D:2      | Reached XP level 3. HP: 25/33 MP: 3/3
  1802 | D:3      | XOM: fake destruction
  2022 | D:3      | XOM: summons 3 friendly demons
  2047 | D:3      | Reached XP level 4. HP: 14/41 MP: 4/4
  2520 | D:3      | XOM: god gift: club {god gift}
  2582 | D:3      | Found an opulent altar of Gozag.
  2600 | D:3      | XOM: silly message
  2768 | D:3      | Noticed Robin
  3157 | D:4      | XOM: enchant monster (good)
  3161 | D:4      | Reached XP level 5. HP: 45/47 MP: 5/5
  3282 | D:4      | XOM: scenery: 1 doors open
  3336 | D:4      | Found a staircase to the Ecumenical Temple.
  3360 | D:4      | Killed from afar by an orc wizard

Illustrated notes

Levels and vault maps discovered:
D:1:      heliophobic_arrival_enchanted_forest, layout_basic,
          shapermc_ecumenical_altar_acropolis, corexii_item_surrounded_by_moat
D:2:      layout_rooms
D:3:      layout_basic, mainiacjoe_overflow_catwalk, uniq_robin
D:4:      layout_basic, old_standard_altar, temple_doors_e, minmay_distorted

Skill      XL: |  1  2  3  4  5 |
---------------+----------------+-----
Fighting       | 4 |  4.7
Long Blades    | 4 |  4.3
Dodging        | 3 |  3.0

Action                   |  1- 3 |  4- 6 || total
-------------------------+-------+-------++-------
Melee: Falchion          |   152 |    80 ||   232
       Tailslap          |    18 |     7 ||    25
  Use: Scroll            |     3 |     2 ||     5
       Potion            |     2 |       ||     2
 Stab: Sleeping          |     1 |       ||     1
Armor: Skin              |    62 |    50 ||   112
Dodge: Dodged            |   148 |   100 ||   248

Table legend: (Time is in decaauts)
 A = Elapsed time spent in this place.
 B = Non-inter-level travel time spent in this place.
 C = Inter-level travel time spent in this place.
 D = Time resting spent in this place.
 E = Time spent auto-exploring this place.
 F = Levels seen in this place.
 G = Mean time per level.
                   A        B        C        D        E       F      G
               +--------+--------+--------+--------+--------+-----+--------+
         Total |   3379 |   3305 |     74 |    773 |   1870 |   4 |  844.8 |
       Dungeon |   3379 |   3305 |     74 |    773 |   1870 |   4 |  844.8 |
               +--------+--------+--------+--------+--------+-----+--------+

Top non-repeatable levels by time:
     D:1: 1281 daAuts
     D:3: 1008 daAuts
     D:4: 583 daAuts
     D:2: 506 daAuts
